 Dungeon Crawl Stone Soup version 0.29.1-4-g47bece8355 (webtiles) character file.

Game seed: 5289906009875116309

995 112233 the Gusty (level 8, -2/45 HPs)
             Began as a Tengu Air Elementalist on Dec 8, 2022.
             Slain by Joseph
             ... wielding a +0 quarterstaff
              (19 damage)
             ... on level 7 of the Dungeon.
             The game lasted 00:04:54 (6696 turns).

112233 the Gusty (Tengu Air Elementalist)           Turns: 6696, Time: 00:04:55

Health: -2/45      AC:  2    Str:  8    XL:     8   Next: 19%
Magic:  9/16       EV: 16    Int: 17    God:
Gold:   269        SH:  0    Dex: 16    Spells: 6/16 levels left

rFire   . . .      SeeInvis .   r - +10 morningstar "Eos" {elec, Halo rElec}
rCold   . . .      Faith    .   (no shield)
rNeg    . . .      Spirit   .   a - +0 robe
rPois   .          Reflect  .   (helmet restricted)
rElec   +          Harm     .   (no cloak)
rCorr   .          Rampage  .   (no gloves)
Will    .....                   (boots unavailable)
Stlth   +.........              (no amulet)
HPRegen 0.15/turn               (no ring)
MPRegen 0.15/turn               (no ring)

@: attractive, flying quickly and evasively, very slightly contaminated,
glowing, quick
A: beak, talons 3, nimble flight
a: no special abilities


You were on level 7 of the Dungeon.
You visited 1 branch of the dungeon, and saw 7 of its levels.

You collected 269 gold pieces.

Inventory:

Hand Weapons
 d - a +0 mace
 r - the +10 morningstar "Eos" (weapon) {elec, Halo rElec}
   (You found it on level 3 of the Dungeon)

   It occasionally discharges a powerful burst of electricity upon striking a
   foe.
   It grants its wielder a halo, revealing invisible creatures and increasing
   accuracy against all within it other than the wielder.
   rElec:     It insulates you from electricity.
Missiles
 e - 7 poisoned darts
 x - 4 curare-tipped darts
Armour
 a - a +0 robe (worn)
 f - a +2 buckler
 y - +0 ice dragon scales
Wands
 s - a wand of digging (6)
 w - a wand of acid (14)
Scrolls
 g - a scroll of blinking {unknown}
 h - 6 scrolls of identify {unknown}
 k - 2 scrolls of fear {unknown}
 l - a scroll of amnesia {unknown}
 p - 2 scrolls of torment {unknown}
 q - 7 scrolls of noise {unknown}
 t - a scroll of butterflies {unknown}
 v - a scroll of enchant weapon {unknown}
 A - a scroll of teleportation {unknown}
Potions
 b - a potion of magic
 i - 2 potions of berserk rage {unknown}
 j - 3 potions of curing
 m - a potion of resistance {unknown}
 n - 2 potions of heal wounds {unknown}
 o - a potion of ambrosia {unknown}
 u - a potion of lignification {unknown}
 z - a potion of mutation {unknown}
 B - a potion of brilliance {unknown}


   Skills:
 + Level 2.9 Fighting
 + Level 3.1 Maces & Flails
 + Level 4.6 Dodging
 - Level 2.0 Stealth
 * Level 2.9 Shields
 * Level 4.9 Spellcasting
 - Level 1.4 Conjurations
 + Level 6.2 Air Magic


You had 6 spell levels left.
You knew the following spells:

 Your Spells              Type           Power      Damage    Failure   Level
a - Shock                 Conj/Air       68%        1d7       3%          1
b - Static Discharge      Conj/Air       17%        3-6/arc   4%          2
c - Airstrike             Air            12%        2d(2-18)  11%         4
d - Swiftness             Air            25%        N/A       3%          3

Your spell library contained the following spells:

 Spells                   Type           Power      Damage    Failure   Level
 Magic Dart               Conj           36%        1d4       8%          1
 Mephitic Cloud           Conj/Pois/Air  12%        N/A       16%         3
 Call Imp                 Summ           4%         N/A       22%         2
 Dazzling Flash           Conj/Hex       12%        N/A       32%         3
 Iskenderun's Mystic Bla  Conj/Tloc      6%         2d4       71%         4
 Starburst                Conj/Fire      3%         6d3       100%        6


Dungeon Overview and Level Annotations

Branches:
Dungeon (7/15)
 Temple: D:4-7

Altars:
Sif Muna
Xom

Annotations:
D:3 1 runed translucent door, Crazy Yiuf
D:4 1 runed translucent door, Xenoroth98's ghost, amateur GrFi
D:5 exclusion: downstairs
D:7 exclusion: upstairs, Gabide's ghost, novice TrDe; Joseph


Innate Abilities, Weirdness & Mutations

You have a beak for a mouth.
You have claws for feet.
Your magical nature lets you fly swiftly and evasively.


Message History

You are caught in an explosion of electrical discharges.
You resist.
Joseph unwields a +0 quarterstaff.
Joseph wields a +1 sling of flaming.
It bursts into flame!
Joseph shoots a sling bullet.
The sling bullet hits you!! The sling bullet burns you!
* * * LOW HITPOINT WARNING * * *
Unknown command.
Okay, then.
It was a potion of attraction.
You feel attractive to monsters.
Unknown command.
It was a potion of curing.
You feel better.
You feel better.
Unknown command.
You feel better. Joseph is attracted toward you.
Unknown command.
Casting: Airstrike (quite dangerous; 11% risk of failure)
Confirm with . or Enter, or press ? or * to list all spells.
Joseph is struck by an arc of lightning.
Joseph is lightly wounded.
You resist.
You are struck by an arc of lightning.
Joseph is struck by an arc of lightning.
Joseph is lightly wounded.
The lightning grounds out.
Joseph unwields a +1 sling of flaming.
It stops flaming.
Joseph wields a +0 quarterstaff.
Joseph barely misses you. Joseph completely misses you.
Unknown command.
Casting: Static Discharge (safe; 4% risk of failure)
Confirm with . or Enter, or press ? or * to list all spells.
Joseph is struck by an arc of lightning.
Joseph is moderately wounded.
You resist.
You are struck by an arc of lightning.
Joseph closely misses you.
Joseph hits you with a +0 quarterstaff!!
Unknown command.
Unknown command.
You feel better. Joseph hits you with a +0 quarterstaff!
* * * LOW HITPOINT WARNING * * *
You feel better.
Joseph hits you with a +0 quarterstaff!!
You die...

#. #.# .. #.## ..# #
#.# ... #.##
##.#######..####
........##..#.@@#
...........#####...#
######...### ...#
.....#..#.## ....#
#..#.....## ......
###.l#......##
@..#.#.
...?s#.......#
..##... .
###!.#..###### ..#
.. ..# #..#..#


You could see Joseph.

Vanquished Creatures
  An orc warrior (D:6)
  An ogre (D:4)
  A centaur (D:5)
  A phantom (D:4)
  A bullfrog (D:6)
  A scorpion (D:5)
  A necrophage (D:7)
  An orc priest (D:3)
  2 hounds
  3 jellies
  Jessica (D:3)
  2 iguanas
  Ijyb (D:3)
  An orc wizard (D:6)
  7 adders
  A shadow imp (D:5)
  2 white imps (D:5)
  2 ufetubi (D:5)
  2 worms
  A dart slug (D:1)
  14 orcs
  5 ball pythons
  11 bats
  7 endoplasms
  2 giant cockroaches
  7 goblins
  5 hobgoblins
  3 quokkas
  A frilled lizard (D:1)
  3 kobolds
  5 rats
96 creatures vanquished.

Notes
Turn   | Place    | Note
-------+----------+-------------------------------------------
     0 | D:1      | 112233 the Tengu Air Elementalist began the quest for the
                  | Orb.
     0 | D:1      | Reached XP level 1. HP: 10/10 MP: 4/4
   258 | D:1      | Reached XP level 2. HP: 13/15 MP: 1/6
   820 | D:1      | Found a faded altar of an unknown god.
   954 | D:1      | Reached XP level 3. HP: 19/19 MP: 4/7
  1224 | D:2      | Identified the +11 flail of Eternal Vigilance {vamp, Fly
                  | rN+ Str+3 Dex+4}
  1746 | D:2      | Learned a level 2 spell: Static Discharge
  1886 | D:2      | Learned a level 3 spell: Swiftness
  2199 | D:3      | Found the +10 morningstar "Eos" {elec, Halo rElec}
  2208 | D:3      | Found a runed translucent door.
  2209 | D:3      | Noticed Crazy Yiuf
  2300 | D:3      | Reached XP level 4. HP: 24/24 MP: 5/9
  2522 | D:3      | Found a shimmering blue altar of Sif Muna.
  2599 | D:3      | Reached skill level 1 in Fighting
  2712 | D:3      | Noticed Ijyb
  2724 | D:3      | Killed Ijyb
  2725 | D:3      | Reached skill level 1 in Maces & Flails
  2725 | D:3      | Reached skill level 5 in Air Magic
  2725 | D:3      | Gained mutation: Your magical nature lets you fly swiftly
                  | and evasively. [Tengu growth]
  2725 | D:3      | Reached XP level 5. HP: 11/29 MP: 3/10
  2970 | D:3      | Noticed Jessica
  2976 | D:3      | Killed Jessica
  3709 | D:4      | Reached XP level 6. HP: 34/34 MP: 7/12
  4112 | D:4      | Noticed Xenoroth98's ghost (amateur GrFi)
  4115 | D:4      | Found a runed translucent door.
  4538 | D:5      | Entered Level 5 of the Dungeon
  4722 | D:5      | Reached skill level 1 in Shields
  4722 | D:5      | Reached XP level 7. HP: 25/40 MP: 7/14
  5448 | D:5      | Found a shimmering altar of Xom.
  5951 | D:6      | Noticed a gargoyle
  6063 | D:6      | Reached skill level 6 in Air Magic
  6070 | D:6      | Reached XP level 8. HP: 25/45 MP: 1/16
  6401 | D:6      | Learned a level 4 spell: Airstrike
  6668 | D:7      | Noticed Gabide's ghost (novice TrDe)
  6684 | D:7      | Noticed Joseph
  6696 | D:7      | Slain by Joseph

Illustrated notes

Levels and vault maps discovered:
D:1:      eino_arrival_cavern_a, layout_loops_cross,
          shapermc_ecumenical_altar_notcrosses
D:2:      layout_rooms
D:3:      layout_basic, general_overflow_altar, uniq_ijyb,
          uniq_crazy_yiuf_cottage, uniq_jessica
D:4:      layout_basic, hellmonk_ghost_happy_afterlife
D:5:      layout_layer_cave, dk_xom_monty_hall
D:6:      layout_basic, gammafunk_temple_overflow_statue,
          minmay_temple_entry_junction_2, uniq_grinder
D:7:      layout_cave_pods, amcnicky_altar_gilded, gammafunk_ghost_split,
          uniq_joseph, uniq_prince_ribbit1, uniq_menkaure

Skill      XL: |  1  2  3  4  5  6  7 |
---------------+----------------------+-----
Dodging        | 3 4 |  4.6
Spellcasting   | 3 4 |  4.9
Fighting       | 1 2 |  2.9
Maces & Flails | 1 2 3 |  3.1
Air Magic      | 5 6 |  6.2
Shields        | 1 2 |  2.9
Stealth        | |  2.0
Conjurations   | |  1.4

Action                   |  1- 3 |  4- 6 |  7- 9 || total
-------------------------+-------+-------+-------++-------
Melee: Mace              |     6 |       |       ||     6
       Kick              |     2 |     7 |     3 ||    12
       Peck              |     2 |     4 |     4 ||    10
       Morningstar       |       |    17 |    16 ||    33
       Punch             |       |     1 |     1 ||     2
 Cast: Shock             |    83 |    77 |    25 ||   185
       Static Discharge  |       |    14 |    12 ||    26
       Airstrike         |       |       |     1 ||     1
  Use: Potion            |       |       |     6 ||     6
Armor: Robe              |     2 |     5 |       ||     7
Dodge: Dodged            |     6 |    34 |    19 ||    59
